Map: 2000 Atmospheres LE

Players

A.I. 2 (Elite)

  • Race: Zerg Zerg

Boomhauer

  • Race: Protoss Protoss
  • League: Master

VOD

Have the link to the VOD?

Description

Time

  • Played on: June 14, 2021, 6:29 p.m.
  • Length: 18:36
Show
View Real Time Build Order
Export as new Build Order

A.I. 2 (Elite) Zerg 

Build Orders: Pool First 

Get SALT Encoding   

  12  0:00  Drone  
  13  0:12  Overlord  
  13  0:16  Drone  
  14  0:31  Drone x2  
  16  0:43  Spawning Pool  
  16  0:45  Drone  
  16  0:49  Drone  
  17  1:21  Hatchery, Drone  
  17  1:22  Drone, Extractor  
  17  1:24  Extractor  
  16  1:26  Drone  
  16  1:31  Drone  
  18  1:42  Drone  
  19  1:53  Overlord  
  19  1:57  Queen  
  21  2:04  Zergling x2  
  22  2:14  Drone  
  23  2:29  Drone  
  24  2:33  Queen  
  24  2:34  Drone  
  27  2:39  Drone  
  28  2:44  Drone  
  29  2:57  Roach Warren  
  28  2:59  Drone  
  28  3:03  Drone  
  30  3:06  Zergling x2  
  30  3:09  Zergling x2  
  32  3:16  Overlord  
  32  3:18  Drone  
  33  3:22  Drone  
  34  3:37  Roach  
  34  3:38  Roach x2  
  34  3:39  Roach  
  42  3:43  Zergling x2  
  42  3:50  Lair  
  42  4:04  Drone, Spore Crawler  
  42  4:09  Drone, Spore Crawler  
  42  4:15  Overlord  
  42  4:21  Overlord  
  42  4:29  Queen  
  42  4:33  Zergling x2  
  42  4:34  Zergling x2  
  42  4:36  Zergling x2  
  45  4:39  Drone  
  45  4:41  Drone  
  47  4:47  Overlord, Queen  
  47  4:50  Drone  
  47  4:52  Drone  
  51  4:55  Drone  
  51  4:59  Overlord  
  52  5:04  Overlord  
  52  5:09  Overlord  
  52  5:14  Overlord  
  52  5:32  Drone, Roach  
  52  5:33  Hydralisk Den  
  54  5:36  Infestation Pit  
  54  5:40  Overlord  
  53  5:43  Roach  
  53  5:46  Drone  
  56  5:58  Overlord, Drone x2, Roach  
  56  5:59  Drone  
  56  6:02  Drone  
  56  6:04  Drone, Hydralisk  
  65  6:15  Infestor  
  65  6:16  Drone, Hydralisk  
  65  6:17  Overlord, Roach  
  72  6:19  Drone  
  72  6:21  Drone  
  72  6:22  Drone  
  72  6:24  Drone  
  74  6:26  Drone  
  74  6:27  Drone  
  74  6:30  Drone  
  74  6:31  Drone  
  74  6:34  Hydralisk  
  74  6:37  Roach  
  74  6:39  Roach  
  76  6:42  Overlord  
  71  6:47  Overlord  
  65  6:57  Roach  
  65  6:58  Zergling x2  
  65  7:00  Infestor, Hydralisk  
  65  7:01  Zergling x2, Roach  
  66  7:05  Roach  
  64  7:10  Spire  
  64  7:13  Roach  
  64  7:15  Roach  
  65  7:17  Hydralisk  
  65  7:20  Overlord  
  67  7:24  Roach  
  67  7:26  Roach  
  67  7:29  Overseer, Roach  
  73  7:38  Overlord, Infestor  
  73  7:39  Roach  
  77  7:45  Extractor  
  77  7:48  Extractor  
  77  7:50  Evolution Chamber  
  74  7:53  Drone, Evolution Chamber  
  74  7:56  Hatchery  
  74  7:58  Drone  
  74  8:08  Drone x2  
  74  8:09  Drone  
  74  8:10  Drone x2  
  74  8:11  Overlord, Drone  
  80  8:16  Zerg Missile Weapons Level 1  
  80  8:18  Zerg Ground Armor Level 1  
  80  8:23  Mutalisk x2  
  84  8:33  Mutalisk  
  86  8:42  Mutalisk  
  88  8:51  Mutalisk  
  88  8:52  Overlord  
  90  9:00  Mutalisk  
  92  9:07  Spine Crawler  
  92  9:09  Drone x5  
  96  9:10  Drone  
  96  9:12  Drone  
  96  9:16  Extractor  
  89  9:18  Mutalisk, Drone x3  
  89  9:20  Drone, Extractor  
  89  9:23  Drone  
  95  9:29  Drone  
  95  9:31  Drone  
  97  9:34  Drone  
  98  9:40  Drone  
  98  9:41  Drone  
  98  9:45  Drone  
  101  9:48  Mutalisk  
  101  9:49  Mutalisk, Overlord  
  101  9:50  Mutalisk  
  101  9:52  Hydralisk  
  109  9:56  Mutalisk  
  111  10:02  Drone  
  111  10:03  Drone  
  111  10:07  Drone  
  111  10:09  Spine Crawler  
  111  10:12  Overlord  
  111  10:13  Zergling x2  
  108  10:18  Zergling x2  
  108  10:21  Mutalisk x2, Hydralisk  
  103  10:23  Roach  
  103  10:24  Roach  
  95  10:29  Roach  
  95  10:33  Infestor  
  95  10:35  Drone  
  96  10:40  Drone  
  97  10:44  Drone  
  97  10:45  Infestor  
  97  10:46  Ravager  
  101  10:51  Roach  
  101  10:53  Roach x3, Spore Crawler  
  101  10:55  Roach  
  101  10:56  Mutalisk  
  112  11:02  Roach  
  114  11:06  Roach  
  114  11:07  Roach  
  118  11:13  Roach  
  118  11:15  Overseer  
  118  11:16  Roach  
  118  11:18  Overlord  
  122  11:31  Zergling x2, Spore Crawler  
  121  11:33  Spine Crawler, Drone  
  121  11:36  Overlord, Roach x2  
  121  11:37  Roach  
  121  11:38  Roach  
  129  11:49  Spine Crawler  
  128  11:54  Overlord, Roach x3  
  128  11:55  Roach  
  136  12:10  Zerg Missile Weapons Level 2  
  136  12:12  Overlord, Corruptor, Hydralisk x2  
  136  12:13  Hive  
  136  12:14  Spine Crawler, Mutalisk, Corruptor  
  136  12:15  Zergling x2  
  143  12:17  Spore Crawler  
  143  12:19  Spine Crawler  
  143  12:20  Hatchery, Hydralisk  
  143  12:22  Zergling x2, Roach  
  108  12:27  Hydralisk  
  108  12:28  Overseer, Roach x2  
  93  12:31  Hydralisk  
  93  12:33  Roach  
  93  12:34  Hydralisk  
  99  12:42  Roach  
  99  12:44  Roach x2  
  105  12:53  Roach  
  105  12:54  Roach  
  105  12:55  Roach  
  111  12:59  Mutalisk  
  111  13:00  Roach x2  
  111  13:04  Roach  
  111  13:05  Roach  
  121  13:07  Roach  
  123  13:14  Mutalisk  
  123  13:15  Overlord  
  123  13:17  Mutalisk  
  127  13:25  Greater Spire, Roach  
  127  13:26  Mutalisk, Queen  
  133  13:27  Mutalisk  
  133  13:31  Mutalisk  
  133  13:32  Drone x3  
  131  13:36  Drone  
  131  13:37  Drone  
  131  13:40  Drone  
  122  13:42  Drone, Extractor  
  122  13:46  Drone, Extractor  
  122  13:48  Drone  
  94  13:51  Zergling x2  
  94  13:52  Hydralisk  
  94  13:55  Extractor  
  91  13:57  Zergling x2  
  91  13:58  Drone  
  91  14:01  Drone  
  86  14:03  Roach, Hydralisk x2  
  86  14:04  Roach  
  86  14:07  Hydralisk  
  86  14:08  Hydralisk  
  80  14:12  Hydralisk  
  80  14:14  Roach  
  84  14:19  Roach  
  84  14:20  Roach  
  84  14:24  Roach  
  90  14:25  Roach  
  90  14:29  Drone  
  90  14:30  Drone  
  94  14:32  Mutalisk x2  
  94  14:33  Roach  
  94  14:35  Roach  
  94  14:36  Roach  
  104  14:40  Roach  
  104  14:41  Roach  
  108  14:46  Roach  
  108  14:47  Roach  
  108  14:51  Roach  
  108  14:52  Roach  
  116  14:57  Roach x2  
  120  15:01  Mutalisk x3, Drone  
  120  15:03  Drone  
  120  15:04  Drone, Roach x2  
  133  15:08  Drone  
  133  15:09  Drone  
  133  15:12  Drone  
  133  15:13  Drone  
  137  15:19  Drone x2  
  135  15:23  Drone  
  135  15:24  Drone  
  133  15:29  Hydralisk x2  
  133  15:30  Zergling x2, Roach  
  133  15:34  Roach  
  133  15:35  Roach  
  120  15:36  Drone, Zergling x2, Hydralisk  
  120  15:41  Drone  
  120  15:42  Drone  
  126  15:44  Drone  
  126  15:45  Drone  
  126  15:51  Drone  
  126  15:53  Roach  
  126  15:54  Queen  
  126  15:55  Roach  
  126  15:56  Roach  
  133  15:58  Roach, Hydralisk  
  133  15:59  Roach  
  133  16:03  Drone x2  
  124  16:06  Zergling x2  
  124  16:07  Drone  
  114  16:13  Zergling x2, Hydralisk  
  114  16:16  Hydralisk  
  114  16:18  Drone  
  87  16:24  Hydralisk  
  87  16:25  Drone  
  76  16:27  Drone, Roach  
  76  16:29  Zergling x2  
  61  16:33  Roach  
  61  16:37  Zergling x2  
  58  16:43  Hydralisk  
  21  17:32  Hatchery  
  6  17:45  Drone  
  6  17:46  Drone  
  6  17:48  Drone x2  
  6  17:49  Drone  
Show
View Real Time Build Order
Export as new Build Order

Boomhauer Protoss 

Build Orders: 1 Gate Expand 

Get SALT Encoding   

  12  0:00  Probe  
  13  0:12  Probe  
  14  0:19  Pylon  
  14  0:24  Probe  
  15  0:37  Probe  
  16  0:46  Gateway  
  16  0:49  Assimilator, Probe  
  17  1:02  Probe  
  18  1:14  Probe  
  19  1:29  Nexus  
  20  1:44  Cybernetics Core  
  19  1:58  Probe (Chrono Boost)  
  20  2:02  Assimilator  
  20  2:10  Probe (Chrono Boost)  
  21  2:23  Probe  
  21  2:27  Pylon, Stargate  
  21  2:28  Warp Gate  
  22  2:35  Probe  
  23  2:38  Pylon  
  23  2:42  Probe  
  24  2:47  Probe  
  25  2:55  Probe (Chrono Boost)  
  26  2:59  Probe (Chrono Boost)  
  26  3:03  Void Ray (Chrono Boost)  
  28  3:06  Probe (Chrono Boost)  
  28  3:08  Probe (Chrono Boost)  
  33  3:13  Probe (Chrono Boost)  
  33  3:14  Probe  
  33  3:15  Assimilator  
  35  3:26  Probe  
  36  3:33  Probe  
  37  3:35  Stargate  
  37  3:39  Probe  
  38  3:45  Probe  
  39  3:59  Probe x2  
  41  4:09  Nexus  
  41  4:12  Pylon, Probe  
  41  4:13  Twilight Council  
  41  4:14  Pylon, Probe  
  43  4:20  Void Ray (Chrono Boost)  
  47  4:26  Probe  
  47  4:27  Void Ray (Chrono Boost)  
  47  4:28  Probe  
  47  4:29  Pylon  
  54  4:38  Probe  
  54  4:42  Adept  
  54  4:43  Probe  
  57  4:49  Charge (Chrono Boost)  
  57  4:50  Probe  
  58  4:56  Void Ray, Probe  
  59  5:06  Assimilator  
  64  5:07  Probe  
  64  5:08  Probe  
  65  5:19  Probe  
  65  5:20  Probe  
  67  5:22  Forge  
  67  5:29  Void Ray (Chrono Boost)  
  67  5:30  Void Ray (Chrono Boost)  
  67  5:31  Probe  
  68  5:37  Probe  
  77  5:43  Probe  
  77  5:47  Gateway  
  77  5:48  Gateway x2  
  78  5:51  Gateway  
  78  5:52  Templar Archives, Probe  
  78  5:54  Probe  
  78  5:55  Probe  
  81  6:04  Probe  
  81  6:06  Probe  
  83  6:15  Probe  
  84  6:19  Photon Cannon  
  84  6:20  Probe  
  84  6:21  Photon Cannon, Probe  
  84  6:23  Shield Battery  
  84  6:25  Photon Cannon  
  86  6:27  Assimilator  
  86  6:28  Probe  
  86  6:32  Psionic Storm, Probe  
  88  6:35  Probe  
  89  6:40  Probe  
  89  6:44  Probe  
  89  6:46  Pylon  
  91  6:47  Pylon, Probe  
  91  6:52  Protoss Ground Weapons Level 1 (Chrono Boost), Probe  
  93  6:57  Pylon  
  93  6:58  Pylon, Void Ray  
  93  6:59  Void Ray  
  93  7:04  Probe x2  
  103  7:49  Probe  
  104  7:53  Zealot x5  
  104  7:57  Assimilator  
  114  8:05  Gateway  
  114  8:07  Gateway x2, Probe  
  114  8:08  Nexus, Gateway  
  114  8:11  Assimilator  
  115  8:13  Assimilator  
  115  8:16  Pylon  
  115  8:18  Pylon  
  115  8:43  Zealot x5  
  125  8:53  Photon Cannon  
  125  8:57  Photon Cannon  
  125  8:58  Pylon  
  125  8:59  Pylon  
  125  9:00  Pylon, Zealot  
  127  9:04  Probe  
  127  9:07  Photon Cannon  
  128  9:10  Photon Cannon  
  128  9:18  High Templar x6  
  128  9:19  High Templar x2  
  128  9:22  Protoss Ground Weapons Level 2 (Chrono Boost)  
  144  9:26  Forge, Probe x2 (Chrono Boost)  
  144  9:31  Probe (Chrono Boost)  
  148  9:32  Probe (Chrono Boost)  
  148  9:36  Probe x2 (Chrono Boost)  
  151  9:40  Probe x2 (Chrono Boost)  
  151  9:41  Probe x2 (Chrono Boost)  
  154  9:50  Probe x2  
  154  9:52  Probe  
  157  9:53  Probe, Zealot x9  
  157  9:59  Protoss Ground Armor Level 1 (Chrono Boost)  
  176  10:00  Robotics Facility  
  176  10:02  Probe  
  176  10:04  Probe  
  176  10:05  Probe  
  180  10:18  Probe x2  
  178  10:23  Pylon  
  178  10:24  Probe  
  178  10:25  Pylon x2  
  178  10:28  Pylon  
  170  10:33  Zealot x3  
  170  10:34  Zealot x2  
  180  10:41  Probe  
  180  10:42  Pylon  
  181  10:43  Pylon, Zealot x2  
  181  10:44  Zealot x2  
  181  10:47  Observer (Chrono Boost)  
  190  10:58  Zealot x5  
  190  10:59  Assimilator  
  190  11:01  Pylon  
  200  11:07  Assimilator  
  200  11:11  Nexus  
  200  11:30  Photon Cannon x2  
  200  11:32  Photon Cannon  
  200  11:33  Photon Cannon  
  200  11:34  Shield Battery, Photon Cannon x2  
  200  11:35  Shield Battery  
  200  11:36  Photon Cannon  
  200  11:37  Protoss Ground Weapons Level 3 (Chrono Boost)  
  199  11:49  Protoss Ground Armor Level 2 (Chrono Boost)  
  199  11:52  Robotics Bay  
  199  11:53  Observer  
  200  12:04  Photon Cannon  
  200  12:05  Photon Cannon x4  
  200  12:07  Photon Cannon x2  
  200  12:09  Photon Cannon  
  180  12:24  Zealot x9  
  196  12:35  Disruptor (Chrono Boost)  
  196  12:36  Gateway  
  196  12:37  Gateway  
  199  12:58  Nexus  
  199  13:16  Pylon  
  199  13:17  Pylon  
  193  13:46  Disruptor (Chrono Boost)  
  182  14:08  Zealot x11  
  198  14:33  Warp Prism (Chrono Boost), Probe  
  198  14:46  Protoss Shields Level 1 (Chrono Boost)  
  198  14:49  Protoss Ground Armor Level 3 (Chrono Boost)  
  182  15:09  Photon Cannon  
  182  15:12  Photon Cannon x2  
  182  15:14  Shield Battery  
  182  15:16  Photon Cannon  
  182  15:17  Photon Cannon  
  182  15:19  Shield Battery  
  182  15:22  Photon Cannon  
  174  15:47  Zealot x10  
  174  15:48  Zealot  
  186  16:14  Zealot x9  
  180  16:53  Zealot x11  
  196  17:13  Dark Shrine  
  196  17:14  Zealot x3  
  196  17:37  Zealot x2  
  164  18:12  High Templar x8  
  138  18:13  High Templar x3  
  138  18:16  Archon  
  138  18:17  Archon  
  138  18:18  Archon x4  
  138  18:19  Archon  
Tags
 
Add a new tag
Caveats
  • Supply blocks, unpowered buildings, or Contaminate may cause inaccurate times.
  • Supply counts are checked every 10 seconds.